 Dungeon Crawl Stone Soup version 0.29-a0-319-gad05b8d819 (webtiles) character file.

Game seed: 8460496185656717290

345 kae the Firebug (level 6, -8/35 HPs)
             Began as a Tengu Fire Elementalist on Apr 1, 2022.
             Mangled by a gnoll
             ... wielding a +1 flail of protection
              (10 damage)
             ... on level 3 of the Dungeon.
             The game lasted 00:02:34 (3641 turns).

kae the Firebug (Tengu Fire Elementalist)           Turns: 3641, Time: 00:02:34

Health: -8/35      AC:  3    Str:  8    XL:     6   Next: 58%
Magic:  4/11       EV: 15    Int: 17    God:
Gold:   172        SH:  0    Dex: 15    Spells: 1/10 levels left

rFire   . . .      SeeInvis .   k - +0 trident
rCold   . . .      Faith    .   (no shield)
rNeg    + . .      Spirit   .   j - +1 robe {rN+}
rPois   .          Reflect  .   (helmet restricted)
rElec   .          Harm     .   (no cloak)
rCorr   .          Rampage  .   (no gloves)
Will    .....                   (boots unavailable)
Stlth   ++........              (no amulet)
HPRegen 0.11/turn               (no ring)
MPRegen 0.12/turn               (no ring)

@: flying quickly and evasively, quick
A: beak, talons 3, nimble flight
a: no special abilities


You were on level 3 of the Dungeon.
You visited 1 branch of the dungeon, and saw 3 of its levels.

You collected 198 gold pieces.
You spent 26 gold pieces at shops.

Inventory:

Hand Weapons
 k - a +0 trident (weapon)
Armour
 a - a +1 robe
 j - a +1 robe of positive energy (worn)
Wands
 d - a wand of polymorph (15)
Scrolls
 c - a scroll of immolation {unknown}
 e - 2 scrolls of amnesia {unknown}
 i - a scroll of noise {unknown}
 l - a scroll of fog
 m - a scroll of torment {unknown}
Potions
 f - 2 potions of brilliance
 g - 2 potions of lignification {unknown}
 h - a potion of haste


   Skills:
 + Level 2.1 Fighting
 + Level 2.2 Armour
 + Level 3.4 Dodging
 - Level 2.0 Stealth
 + Level 2.8 Spellcasting
 + Level 3.3 Conjurations
 * Level 5.1 Fire Magic


You had one spell level left.
You knew the following spells:

 Your Spells              Type           Power      Damage    Failure   Level
a - Foxfire               Conj/Fire      64%        2x1d7     3%          1
b - Scorch                Fire           38%        2d6       3%          2
c - Conjure Flame         Conj/Fire      16%        6-21      10%         3
d - Inner Flame           Hex/Fire       11%        N/A       19%         3

Your spell library contained the following spells:

 Spells                   Type           Power      Damage    Failure   Level
 Freeze                   Ice            8%         1d3       19%         1
 Flame Wave               Conj/Fire      16%        2d6       30%         4


Dungeon Overview and Level Annotations

Branches:
Dungeon (3/15)

Altars:

Shops:
D:1 ?


Innate Abilities, Weirdness & Mutations

You have a beak for a mouth.
You have claws for feet.
Your magical nature lets you fly swiftly and evasively.


Message History

The gnoll completely misses you.
You are too injured to fight recklessly!
You are too injured to fight recklessly!
You are too injured to fight recklessly!
You are too injured to fight recklessly!
You hit the gnoll.
The gnoll is moderately wounded.
The gnoll hits you with a +1 flail of protection.
The gnoll closely misses you.
You hit the gnoll.
The gnoll is moderately wounded.
The gnoll closely misses you. The gnoll misses you.
Magic courses through your body. The gnoll closely misses you.
The gnoll barely misses you.
Casting: Foxfire (safe; 3% risk of failure)
Confirm with . or Enter, or press ? or * to list all spells.
Flames lash the gnoll but do no damage.
The gnoll barely misses you.
The gnoll hits you with a +1 flail of protection!
* * * LOW HITPOINT WARNING * * *
The gnoll hits you with a +1 flail of protection.
* * * LOW HITPOINT WARNING * * *
Casting: Scorch (safe; 3% risk of failure)
Confirm with . or Enter, or press ? or * to list all spells.
Flames lash the gnoll.
The gnoll is moderately wounded.
The gnoll's fire resistance burns away.
The gnoll closely misses you.
The gnoll hits you with a +1 flail of protection.
* * * LOW HITPOINT WARNING * * *
The gnoll barely misses you.
Casting: Scorch (safe; 3% risk of failure)
Confirm with . or Enter, or press ? or * to list all spells.
Flames lash the gnoll but do no damage.
The gnoll is no longer more vulnerable to fire.
The gnoll misses you. The gnoll barely misses you.
The gnoll hits you but does no damage.
Casting: Scorch (safe; 3% risk of failure)
Confirm with . or Enter, or press ? or * to list all spells.
Flames lash the gnoll but do no damage.
The gnoll hits you with a +1 flail of protection!
You die...

#...........#.
####........#.
#...[....##
###.#...## #.#...#
# ###+#...# #
#.......###
########.......)..
#@.....)....###...
#g########.## #...
#.# #.# #... #.#
#.# #... #)# #.#
#... #)# #.# ####
#.# #.# #.. #.#


You could see a gnoll (fast).

Vanquished Creatures
  A phantom (D:2)
  A gnoll shaman (D:3)
  Natasha (twice) (D:2)
  An iguana (D:3)
  3 gnolls (D:3)
  6 adders
  2 dart slugs (D:2)
  3 worms
  5 orcs
  9 ball pythons
  2 bats
  5 endoplasms
  4 giant cockroaches
  6 hobgoblins
  4 quokkas
  3 frilled lizards
  6 goblins
  6 kobolds
  7 rats
76 creatures vanquished.

Vanquished Creatures (collateral kills)
  A foxfire (D:1)
1 creature vanquished.

Vanquished Creatures (others)
  266 foxfires
  6 plants (D:3)
272 creatures vanquished.

Grand Total: 349 creatures vanquished

Notes
Turn   | Place    | Note
-------+----------+-------------------------------------------
     0 | D:1      | kae the Tengu Fire Elementalist began the quest for the
                  | Orb.
     0 | D:1      | Reached XP level 1. HP: 10/10 MP: 4/4
   230 | D:1      | Found a faded altar of an unknown god.
   234 | D:1      | Reached XP level 2. HP: 15/15 MP: 3/6
   273 | D:1      | Got Plato's Volume of Cold
   646 | D:1      | Found Soreufof's Magic Scroll Boutique.
   684 | D:1      | Bought a scroll of identify for 26 gold pieces
   963 | D:1      | Reached XP level 3. HP: 20/20 MP: 4/7
   966 | D:1      | Learned a level 2 spell: Scorch
  1175 | D:2      | Noticed a phantom
  1196 | D:2      | Killed a phantom
  1197 | D:2      | Reached skill level 1 in Fighting
  1197 | D:2      | Reached skill level 1 in Armour
  1197 | D:2      | Reached skill level 4 in Fire Magic
  1197 | D:2      | Reached XP level 4. HP: 13/25 MP: 1/8
  1527 | D:2      | Gained mutation: Your magical nature lets you fly swiftly
                  | and evasively. [Tengu growth]
  1527 | D:2      | Reached XP level 5. HP: 26/29 MP: 6/9
  1753 | D:2      | Noticed Natasha
  1766 | D:2      | Killed Natasha
  2180 | D:2      | Noticed Natasha
  2187 | D:2      | Killed Natasha
  2461 | D:2      | Reached XP level 6. HP: 35/35 MP: 6/10
  3082 | D:3      | Learned a level 3 spell: Conjure Flame
  3086 | D:3      | Learned a level 3 spell: Inner Flame
  3430 | D:3      | Reached skill level 5 in Fire Magic
  3641 | D:3      | Mangled by a gnoll

Illustrated notes

Levels and vault maps discovered:
D:1:      evilmike_arrival_hilbert_curve, layout_basic,
          shapermc_ecumenical_altar_rom_forum, serial_shops, shop
D:2:      minmay_chambers_of_twos, layout_basic, uniq_natasha
D:3:      layout_basic, nicolae_grassy_gnolls

Skill      XL: |  1  2  3  4  5  6 |
---------------+-------------------+-----
Conjurations   | 2 3 |  3.3
Fighting       | 1 2 |  2.1
Armour         | 1 2 |  2.2
Fire Magic     | 4 5 |  5.1
Dodging        | 3 |  3.4
Stealth        | |  2.0
Spellcasting   | |  2.8

Action                   |  1- 3 |  4- 6 || total
-------------------------+-------+-------++-------
Melee: Unarmed           |     3 |    16 ||    19
       Kick              |     1 |     9 ||    10
       Peck              |       |     3 ||     3
       Trident           |       |    12 ||    12
 Cast: Foxfire           |    53 |   112 ||   165
       Scorch            |       |    11 ||    11
  Use: Scroll            |     6 |       ||     6
       Potion            |       |     1 ||     1
 Stab: Sleeping          |     1 |       ||     1
Armor: Robe              |     4 |    10 ||    14
Dodge: Dodged            |     7 |    52 ||    59

Table legend: (Time is in decaauts)
 A = Elapsed time spent in this place.
 B = Non-inter-level travel time spent in this place.
 C = Inter-level travel time spent in this place.
 D = Time resting spent in this place.
 E = Time spent auto-exploring this place.
 F = Levels seen in this place.
 G = Mean time per level.
                   A        B        C        D        E       F      G
               +--------+--------+--------+--------+--------+-----+--------+
         Total |   3552 |   3508 |     44 |    341 |   2568 |   3 | 1184.0 |
       Dungeon |   3552 |   3508 |     44 |    341 |   2568 |   3 | 1184.0 |
               +--------+--------+--------+--------+--------+-----+--------+

Top non-repeatable levels by time:
     D:2: 1532 daAuts
     D:1: 1169 daAuts
     D:3: 850 daAuts
